 Dungeon Crawl Stone Soup version 0.20.0-15-g7f486f2 (webtiles) character file.

12313 raph the Impaler (level 11, -5/86 HPs)
             Began as a Merfolk Gladiator on June 28, 2017.
             Was a Priest of Yredelemnul.
             Slain by a black mamba (17 damage)
             ... on level 3 of the Lair of Beasts.
             The game lasted 00:37:05 (14228 turns).

raph the Impaler (Merfolk Gladiator)               Turns: 14228, Time: 00:37:05

Health: -5/86      AC:  6    Str: 15    XL:     11   Next: 91%
Magic:  0/16       EV: 20    Int: 10    God:    Yredelemnul [***...]
Gold:   493        SH:  0    Dex: 19    Spells: 14/17 levels left

rFire    . . .     SeeInvis .   a - +1 trident
rCold    + . .     Gourm    .   (no shield)
rNeg     . . .     Faith    .   K - +0 leather armour {rC+}
rPois    .         Spirit   +   c - +0 helmet
rElec    .         Reflect  .   G - scarf {cloud immunity}
rCorr    .         Harm     .   C - +0 pair of gloves
MR       .....                  H - +0 pair of boots
Stlth    ++........             g - amulet of guardian spirit
Regen    0.3/turn               j - +3 ring of intelligence
MPRegen  0.2/turn               J - ring of stealth

@: no status effects
A: change form in water, swift swim, stealthy swim
a: Recall Undead Slaves, Injury Mirror, Animate Dead, Renounce Religion


You were on level 3 of the Lair of Beasts.
You worshipped Yredelemnul.
Yredelemnul was most pleased with you.
You were hungry.

You visited 2 branches of the dungeon, and saw 11 of its levels.

You collected 619 gold pieces.
You spent 126 gold pieces at shops.

Inventory:

Hand Weapons
 a - a +1 trident (weapon)
 l - a +0 halberd
Missiles
 d - 3 throwing nets
 o - 10 poisoned tomahawks
 w - 4 javelins
 I - 4 tomahawks (quivered)
Armour
 b - a +0 leather armour
 c - a +0 helmet (worn)
 C - a +0 pair of gloves (worn)
 F - a +0 cloak
 G - a scarf of cloud immunity (worn)
 H - a +0 pair of boots (worn)
 K - a +0 leather armour of cold resistance (worn)
Jewellery
 g - an amulet of guardian spirit (around neck)
 j - a +3 ring of intelligence (left hand)
 z - an uncursed ring of stealth
 J - a ring of stealth (right hand)
Wands
 i - a wand of iceblast (11/15)
 n - a wand of polymorph (9/24)
 v - a wand of confusion (17/48)
 x - a wand of polymorph (9/24)
 y - a wand of iceblast (6/15)
 L - a wand of scattershot (0/9)
 N - a wand of random effects (32/48)
Scrolls
 r - 2 scrolls of amnesia
 t - 3 scrolls of teleportation
 u - a scroll of immolation
 M - a scroll of identify
 O - a scroll of magic mapping
Potions
 e - a potion of haste
 k - 4 potions of brilliance
 m - 2 potions of curing
 q - a potion of flight
 s - 3 potions of cancellation
 A - 2 potions of magic
Books
 B - a book of Flames

   Spells                             Type                      Level
   a - Flame Tongue                   Conjuration/Fire             1
   b - Throw Flame                    Conjuration/Fire             2
   c - Conjure Flame                  Conjuration/Fire             3
   d - Inner Flame                    Hexes/Fire                   3
   e - Sticky Flame                   Conjuration/Fire             4
   f - Fireball                       Conjuration/Fire             5
 D - a book of Maledictions

   Spells                             Type                      Level
   a - Corona                         Hexes                        1
   b - Ensorcelled Hibernation        Hexes/Ice                    2
   c - Confuse                        Hexes                        3
   d - Tukima's Dance                 Hexes                        3
   e - Dazzling Spray                 Conjuration/Hexes            3
 E - a book of Debilitation

   Spells                             Type                      Level
   a - Corona                         Hexes                        1
   b - Slow                           Hexes                        2
   c - Inner Flame                    Hexes/Fire                   3
   d - Portal Projectile              Hexes/Translocation          3
   e - Cause Fear                     Hexes                        4
   f - Leda's Liquefaction            Hexes/Earth                  4
Comestibles
 f - 7 bread rations
 h - 18 fruits
 p - 12 royal jellies


   Skills:
 + Level 7.8 Fighting
 + Level 17.4 Polearms
 - Level 2.0 Throwing
 + Level 10.5 Dodging
 + Level 3.6 Spellcasting
 + Level 4.1 Hexes
 + Level 7.1 Invocations


You had 14 spell levels left.
You knew the following spells:

 Your Spells              Type           Power        Failure   Level  Hunger
a - Corona                Hex            ##.....      6%          1    #......
b - Slow                  Hex            ##......     9%          2    ###....


Dungeon Overview and Level Annotations

Branches:
Dungeon (8/15)             Temple (0/1) D:4            Lair (3/6) D:8
 Spider (0/4) Lair:2
  Swamp: Lair:2-4    Shoals: Lair:2-4

Altars:
Cheibriados
Elyvilon
Fedhas
Hepliaklqana
Nemelex Xobeh
Qazlal
Ru
Vehumet
Yredelemnul

Shops:
D:7 [


Message History

The bullfrog releases a deep croak.
The elephant misses you. The elephant barely misses you.
The spiny frog barely misses you. The elephant tramples you!
* * * LOW HITPOINT WARNING * * *
You stumble backwards!
You feel better. The black mamba bites you!
* * * LOW HITPOINT WARNING * * *
You are lethally poisoned!
The black mamba poisons you! The spiny frog closely misses you.
The elephant tramples you but does no damage.
The elephant trunk-slaps you.
* * * LOW HITPOINT WARNING * * *
You feel better. The black mamba closely misses you.
The spiny frog completely misses you. The spiny frog closely misses you.
The black mamba misses you. The elephant closely misses you.
The elephant misses you. The spiny frog closely misses you.
The black mamba completely misses you. The black mamba bites you!!
You die...
Your body rises from the dead as a mindless zombie.

### ## ##.#
.##. #...
....
##..##..##
###........#.
#...........#
#......>....
#.F@F....#
##.SFY....#.
#...........
#..l........
##........#.
##..##..##
##..# ..##.
#.#.###....
##...#.....


You could see an elephant, a komodo dragon, a black mamba, 2 spiny frogs and a
bullfrog.

Vanquished Creatures
  A hydra (Lair:2)
  2 death yaks (Lair:2)
  Pikel (D:6)
  A black mamba (Lair:2)
  4 spiny frogs
  A rime drake (Lair:1)
  2 komodo dragons
  Sigmund (D:8)
  6 yaks (Lair:2)
  A steam dragon (Lair:2)
  A basilisk (Lair:2)
  2 water moccasins (Lair:2)
  2 porcupines
  3 orc warriors
  An eye of draining (D:8)
  2 sky beasts
  A black bear (D:8)
  An ice beast (D:8)
  A necrophage (D:5)
  2 phantoms
  3 ogres
  2 centaurs
  Blork the orc (D:4)
  3 bullfrogs
  A scorpion (D:4)
  A wyvern skeleton (D:8)
  14 wights
  5 howler monkeys
  2 crimson imps
  4 hounds (D:8)
  4 jellies
  3 orc priests
  9 orc wizards
  A centaur skeleton (D:6)
  A bullfrog skeleton (D:4)
  2 iguanas
  3 worker ants
  A hound zombie (D:7)
  A hound skeleton (D:8)
  7 adders
  2 shadow imps (D:5)
  6 oozes
  2 adder skeletons (D:5)
  6 dart slugs
  2 worms
  5 leopard geckos
  18 orcs
  8 bats
  2 giant cockroaches
  4 goblins
  11 hobgoblins
  11 jackals
  3 quokkas
  2 frilled lizards
  A giant cockroach zombie (D:6)
  8 kobolds
  A quokka skeleton (D:4)
  5 rats
201 creatures vanquished.

Vanquished Creatures (collateral kills)
  2 death yaks
  Urug (Lair:1)
  A black mamba (Lair:2)
  2 spiny frogs
  6 yaks
  A hungry ghost (D:8)
  2 porcupines
  2 orc warriors (D:8)
  2 bullfrogs
  2 crimson imps (D:8)
  A hound (D:8)
  2 orcs (D:8)
  2 fungi
26 creatures vanquished.

Vanquished Creatures (others)
  A death yak zombie (Lair:2)
  4 spiny frog zombies
  A slave (D:6)
  A water moccasin zombie (Lair:2)
  3 yak zombies (Lair:2)
  A black bear zombie (D:8)
  A basilisk zombie (Lair:2)
  3 bullfrog zombies
  2 porcupine zombies
  A bullfrog skeleton (D:6)
  A sky beast zombie (D:8)
  An orc skeleton (D:6)
  2 leopard geckos (D:6)
  A dart slug zombie (D:5)
  2 jackal zombies (D:6)
  5 orc zombies (D:8)
  11 fungi
  4 plants
45 creatures vanquished.

Grand Total: 272 creatures vanquished

Notes
Turn   | Place    | Note
-------+----------+-------------------------------------------
     0 | D:1      | raph the Merfolk Gladiator began the quest for the Orb.
     0 | D:1      | Reached XP level 1. HP: 16/16 MP: 1/1
   199 | D:1      | Reached skill level 5 in Polearms
   223 | D:1      | Reached XP level 2. HP: 22/22 MP: 2/2
   884 | D:1      | Reached XP level 3. HP: 27/27 MP: 3/3
  1443 | D:2      | Reached skill level 6 in Polearms
  1443 | D:2      | Reached XP level 4. HP: 19/33 MP: 4/4
  1639 | D:2      | Found a faded altar of an unknown god.
  1680 | D:2      | Found a white marble altar of Elyvilon.
  1968 | D:3      | Found a sparkling altar of Nemelex Xobeh.
  2024 | D:3      | Found a basalt altar of Yredelemnul.
  2024 | D:3      | Found a snail-covered altar of Cheibriados.
  2029 | D:3      | Became a worshipper of Yredelemnul the Dark
  2175 | D:3      | Noticed a phantom
  2826 | D:3      | Reached skill level 7 in Polearms
  3110 | D:4      | Reached XP level 5. HP: 13/38 MP: 5/5
  3187 | D:3      | Reached skill level 8 in Polearms
  3521 | D:4      | Noticed Blork the orc
  3527 | D:4      | Reached XP level 6. HP: 24/44 MP: 3/6
  3603 | D:4      | Reached skill level 9 in Polearms
  3909 | D:3      | Reached skill level 10 in Polearms
  4152 | D:4      | Reached XP level 7. HP: 50/50 MP: 7/7
  4300 | D:4      | Killed Blork the orc
  4300 | D:4      | Reached skill level 11 in Polearms
  4406 | D:4      | Found a staircase to the Ecumenical Temple.
  4629 | D:5      | Entered Level 5 of the Dungeon
  4663 | D:5      | Reached skill level 12 in Polearms
  4805 | D:5      | Reached XP level 8. HP: 50/56 MP: 6/8
  5202 | D:5      | Reached * piety under Yredelemnul
  5215 | D:5      | Reached skill level 13 in Polearms
  5514 | D:5      | Found a blossoming altar of Fedhas.
  5527 | D:5      | Reached skill level 5 in Dodging
  6524 | D:6      | Reached skill level 1 in Invocations
  6823 | D:6      | Reached skill level 14 in Polearms
  7118 | D:6      | Noticed Pikel
  7135 | D:6      | Killed Pikel
  7135 | D:6      | Reached XP level 9. HP: 22/65 MP: 2/11
  7696 | D:6      | Found a sacrificial altar of Ru.
  7740 | D:6      | Reached ** piety under Yredelemnul
  7816 | D:6      | Found a hazy altar of Hepliaklqana.
  7816 | D:6      | Found a stormy altar of Qazlal.
  8029 | D:7      | Found a radiant altar of Vehumet.
  8039 | D:7      | Learned a level 1 spell: Corona
  8172 | D:7      | Found Fequmo Waixo's Armour Shop.
  8176 | D:7      | Bought a +0 cloak for 49 gold pieces
  8176 | D:7      | Bought a scarf of cloud immunity for 77 gold pieces
  8595 | D:8      | Noticed Sigmund
  8615 | D:8      | Killed Sigmund
  8679 | D:8      | Reached skill level 15 in Polearms
  8902 | D:8      | Found a staircase to the Lair.
  9157 | D:8      | Reached skill level 5 in Fighting
  9319 | D:8      | Reached XP level 10. HP: 61/74 MP: 9/13
  9927 | D:8      | Reached skill level 16 in Polearms
  9945 | D:8      | Reached *** piety under Yredelemnul
 10149 | Lair:1   | Entered Level 1 of the Lair of Beasts
 10149 | Lair:1   | Noticed a spiny frog
 10151 | Lair:1   | Noticed a spiny frog
 10155 | Lair:1   | Killed a spiny frog
 10168 | Lair:1   | Killed a spiny frog
 10168 | Lair:1   | Reached skill level 5 in Invocations
 10805 | Lair:2   | Noticed a spiny frog
 10807 | Lair:2   | Noticed a seven-headed hydra
 10822 | Lair:1   | Killed a spiny frog
 11033 | Lair:2   | Found a hole to the Spider Nest.
 11040 | Lair:2   | Noticed Urug
 11042 | Lair:2   | Reached skill level 1 in Hexes
 11050 | Lair:2   | Reached skill level 1 in Spellcasting
 11068 | Lair:2   | HP: 2/77 [Urug/enchanted eveningstar (19)]
 11349 | D:8      | Learned a level 2 spell: Slow
 11369 | Lair:1   | Killed Urug
 11369 | Lair:1   | Reached XP level 11. HP: 54/83 MP: 9/15
 11903 | Lair:2   | Reached skill level 17 in Polearms
 12505 | Lair:2   | Killed a seven-headed hydra
 12676 | Lair:2   | Reached skill level 10 in Dodging
 12979 | Lair:2   | Noticed a death yak
 12979 | Lair:2   | Noticed a death yak
 12979 | Lair:2   | Noticed a death yak
 12979 | Lair:2   | Noticed a death yak
 12996 | Lair:2   | Killed a death yak
 13012 | Lair:2   | Killed a death yak
 13037 | Lair:2   | Killed a death yak
 13374 | Lair:1   | Killed a death yak
 14225 | Lair:3   | HP: 3/86 [black mamba (11)]
 14225 | Lair:3   | HP: 1/86 [elephant (2)]
 14228 | Lair:3   | Slain by a black mamba

Skill      XL: |  1  2  3  4  5  6  7  8  9 10 11 |
---------------+----------------------------------+-----
Polearms       | 5 6 7 8 10 12 14 15 16 17 | 17.4
Dodging        | 6 7 9 10 | 10.5
Invocations    | 2 4 5 7 |  7.1
Fighting       | 3 5 6 7 |  7.8
Hexes          | 2 4 |  4.1
Spellcasting   | 1 3 |  3.6
Throwing       | |  2.0

Action                   |  1- 3 |  4- 6 |  7- 9 | 10-12 || total
-------------------------+-------+-------+-------+-------++-------
Melee: Trident           |   124 |   156 |       |   112 ||   392
       Halberd           |       |    10 |   374 |   269 ||   653
Throw: Throwing net      |       |       |     1 |       ||     1
       Tomahawk          |       |       |       |     1 ||     1
 Cast: Slow              |       |       |       |     3 ||     3
Invok: Animate Remains   |       |       |    22 |     1 ||    23
       Injury Mirror     |       |       |     1 |     1 ||     2
       Animate Dead      |       |       |       |    10 ||    10
       Recall Undead Sla |       |       |       |     1 ||     1
Evoke: Wand              |       |       |       |     3 ||     3
  Use: Scroll            |       |    13 |     7 |     4 ||    24
       Potion            |       |     1 |     5 |     7 ||    13
 Stab: Sleeping          |     3 |     1 |     3 |     5 ||    12
       Distracted        |       |     1 |     2 |     2 ||     5
       Invisible         |       |       |       |     1 ||     1
  Eat: Chunk             |     2 |     5 |    15 |     4 ||    26
       Fruit             |       |     2 |       |       ||     2
       Bread ration      |       |       |     1 |     1 ||     2
       Meat ration       |       |       |     1 |     2 ||     3
Armor: Leather armour    |    18 |    11 |    46 |    33 ||   108
Dodge: Dodged            |    65 |    90 |   218 |   203 ||   576
